 Dungeon Crawl Stone Soup version 0.30-a0-358-g0d69a19 (webtiles) character file.

Game seed: 3385098597916334389

2352 Dorkslayer the Slasher (level 9, 0/71 HPs)
             Began as a Human Fighter on Nov 10, 2022.
             Slain by a gnoll
             ... wielding a +0 trident
              (3 damage)
             ... in a bailey.
             The game lasted 00:22:04 (6943 turns).

Dorkslayer the Slasher (Human Fighter)              Turns: 6943, Time: 00:22:06

Health: 0/71       AC: 20    Str: 17    XL:     9   Next: 71%
Magic:  9/9        EV:  7    Int:  9    God:
Gold:   196        SH:  8    Dex: 16    Spells: 8/8 levels left

rFire   + . .      SeeInvis .    a - +0 long sword
rCold   . . .      Faith    .    c - +3 buckler
rNeg    . . .      Spirit   .    m - +0 chain mail
rPois   .          Reflect  .    (no helmet)
rElec   .          Harm     .    j - +0 cloak
rCorr   .          Rampage  .    n - +2 pair of gloves
Will    .....                    i - +1 pair of boots
Stlth   ..........               (no amulet)
HPRegen 0.31/turn                p - ring of protection from fire
MPRegen 0.11/turn                v - +4 ring of protection

@: mighty
A: no striking features
a: no special abilities


You were in a bailey.
You visited 1 branch of the dungeon, and saw 7 of its levels.
You also visited: Bailey.

You collected 256 gold pieces.
You spent 60 gold pieces at shops.

Inventory:

Hand Weapons
 a - a +0 long sword (weapon)
Missiles
 o - 5 poisoned darts (quivered)
 q - 2 boomerangs of dispersal
 w - a throwing net
Armour
 c - a +3 buckler (worn)
 i - a +1 pair of boots (worn)
 j - a +0 cloak (worn)
 m - a +0 chain mail (worn)
 n - a +2 pair of gloves (worn)
Jewellery
 p - a ring of protection from fire (left hand)
 r - a ring of protection from fire
 v - a +4 ring of protection (right hand)
Wands
 b - a wand of digging (7)
Scrolls
 d - 2 scrolls of identify
 f - 2 scrolls of teleportation
 g - a scroll of fear
Potions
 h - a potion of magic
 u - 2 potions of flight


   Skills:
 * Level 6.9 Fighting
 + Level 7.5 Long Blades
 + Level 5.8 Armour
 + Level 2.3 Dodging
 + Level 4.7 Shields
 * Level 3.4 Evocations


You had 8 spell levels left.
You didn't know any spells.
Your spell library contained the following spells:

 Spells                   Type           Power      Damage    Failure   Level
 Sting                    Tmut/Pois      0%         1d3       100%        1
 Poisonous Vapours        Pois/Air       0%         N/A       100%        2
 Gell's Gravitas          Tloc           0%         N/A       100%        3
 Lesser Beckoning         Tloc           0%         N/A       100%        3
 Teleport Other           Tloc           0%         N/A       100%        3
 Tukima's Dance           Hex            0%         N/A       100%        3
 Olgreb's Toxic Radiance  Pois           0%         N/A       100%        4
 Passage of Golubria      Tloc           0%         N/A       100%        4
 Yara's Violent Unravell  Hex/Tmut       0%         3d3       100%        5


Dungeon Overview and Level Annotations

Branches:
Dungeon (7/15)             Bailey (1/1)
 Temple: D:4-7

Altars:
Ashenzari
Dithmenos
Hepliaklqana
Qazlal
Vehumet

Shops:
D:2 (!:?

Annotations:
D:4 2 transporters, Caerwyn's ghost, novice TrCj
D:7 Dowan


Message History

The gnoll bouda is almost dead.
The gnoll barely misses you.
The gnoll bouda hits you but does no damage.
The gnoll hits you but does no damage. You block the gnoll's attack.
You hit the gnoll bouda.
You kill the gnoll bouda!
The gnoll barely misses you. The gnoll hits you but does no damage.
The gnoll hits you from afar with a +0 trident.
* * * LOW HITPOINT WARNING * * *
The gnoll hits you from afar with a +0 trident.
* * * LOW HITPOINT WARNING * * *
There is a gate leading back out of this place here.
Throw: 6 darts (poison)
Press: ? - help, Q - select action, (/) - cycle Shift-Dir - straight line, f - gnoll
Aim: a gnoll, wielding a +0 halberd and wearing a +0 scale mail (covering ground quickly, 70% to hit)
You throw a poisoned dart.
The poisoned dart barely misses the gnoll.
The poisoned dart hits the gnoll.
The gnoll is poisoned.
You block the gnoll's attack. The gnoll hits you with a +0 halberd.
* * * LOW HITPOINT WARNING * * *
The gnoll hits you but does no damage.
The gnoll hits you from afar with a +0 trident.
* * * LOW HITPOINT WARNING * * *
The gnoll hits you but does no damage.
You barely miss the gnoll.
Your attacks no longer feel as feeble.
You block the gnoll's attack. x3
The gnoll hits you from afar with a +0 trident.
* * * LOW HITPOINT WARNING * * *
You hit the gnoll but do no damage.
The gnoll hits you but does no damage. x2
The gnoll barely misses you. The gnoll hits you but does no damage.
You hit the gnoll.
The gnoll is moderately wounded.
The gnoll is no longer moving quickly.
The gnoll hits you but does no damage. The gnoll barely misses you.
The gnoll hits you from afar with a +0 trident.
* * * LOW HITPOINT WARNING * * *
The gnoll hits you from afar with a +0 trident.
You die...

#...≈≈♣♣ ###..≈.♣
#..≈.♣♣ #..≈..♣♣ #
#..≈...♣ .#
#?.≈...♣
..######..≈...♣♣
...#...'......g♣♣♣#
...'...'......gg@∩#
...#...'......g♣♣♣#
..######..≈...♣♣ .#
#..≈..♣♣ # #..≈..♣
#..≈..♣ #..≈.♣♣
###..≈.♣ #...≈≈♣♣


You could see 4 gnolls.

Vanquished Creatures
  A hornet (D:7)
  A steam dragon (D:7)
  A water moccasin (D:6)
  An ice beast (D:7)
  2 black bears
  A sky beast (D:7)
  An ogre (D:5)
  2 phantoms
  A kobold brigand (D:7)
  2 bullfrogs (D:7)
  2 gnoll sergeants
  A scorpion (D:5)
  3 killer bees (D:7)
  A howler monkey (D:5)
  4 jellies
  A gnoll bouda (Bailey)
  5 hounds
  3 orc priests
  2 iguanas
  2 orc wizards
  8 gnolls
  9 adders
  A shadow imp (D:4)
  A white imp (D:6)
  2 worms (D:4)
  3 dart slugs
  14 orcs
  7 endoplasms
  3 giant cockroaches
  8 hobgoblins
  9 jackals
  3 quokkas
  7 ball pythons
  3 bats
  4 frilled lizards
  16 goblins
  12 kobolds
  3 rats
150 creatures vanquished.

Vanquished Creatures (others)
  2 fungi (D:1)
2 creatures vanquished.

Grand Total: 152 creatures vanquished

Notes
Turn   | Place    | Note
-------+----------+-------------------------------------------
     0 | D:1      | Dorkslayer the Human Fighter began the quest for the Orb.
     0 | D:1      | Reached XP level 1. HP: 18/18 MP: 1/1
   217 | D:1      | Reached XP level 2. HP: 24/24 MP: 2/2
   408 | D:1      | Found a faded altar of an unknown god.
   649 | D:1      | Reached XP level 3. HP: 29/29 MP: 3/3
  1251 | D:2      | Found Muosiugg's Weapon Shoppe.
  1252 | D:2      | Found Ukhileyl's Book Emporium.
  1333 | D:2      | Reached XP level 4. HP: 35/35 MP: 4/4
  1334 | D:2      | Found Uto Aro's Distillery.
  1417 | D:2      | Found Lixareoh's Magic Scroll Emporium.
  1446 | D:2      | Bought a potion of curing for 30 gold pieces
  1446 | D:2      | Bought a potion of flight for 30 gold pieces
  1876 | D:3      | Reached skill level 3 in Long Blades
  1876 | D:3      | Reached skill level 1 in Dodging
  2043 | D:3      | Reached XP level 5. HP: 41/41 MP: 5/5
  3304 | D:4      | Found a transporter.
  3327 | D:4      | Found a transporter.
  3331 | D:4      | Noticed a phantom
  3331 | D:4      | Noticed Caerwyn's ghost (novice TrCj)
  3397 | D:4      | Noticed a black bear
  3444 | D:4      | Reached XP level 6. HP: 42/48 MP: 6/6
  3450 | D:4      | Killed a black bear
  3451 | D:4      | Reached skill level 4 in Long Blades
  3630 | D:4      | Found a hazy altar of Hepliaklqana.
  3630 | D:4      | Found a broken altar of Ashenzari.
  3835 | D:4      | Reached XP level 7. HP: 43/55 MP: 7/7
  3964 | D:5      | Entered Level 5 of the Dungeon
  4023 | D:5      | Found a stormy altar of Qazlal.
  4327 | D:5      | HP: 1/55 [gnoll/+0 club[a gnoll sergeant] (4)]
  4333 | D:4      | HP: 1/55 [gnoll/+0 club[a gnoll sergeant] (2)]
  4624 | D:5      | Noticed a water elemental
  4624 | D:5      | Noticed an air elemental
  4624 | D:5      | Noticed a fire elemental
  4955 | D:5      | Reached skill level 5 in Fighting
  4955 | D:5      | Reached skill level 5 in Long Blades
  5113 | D:5      | Reached XP level 8. HP: 25/62 MP: 8/8
  5839 | D:6      | Reached skill level 1 in Evocations
  5925 | D:6      | Reached skill level 6 in Long Blades
  6161 | D:7      | Found a radiant altar of Vehumet.
  6173 | D:7      | Reached skill level 5 in Armour
  6177 | D:7      | Reached XP level 9. HP: 12/69 MP: 9/9
  6386 | D:7      | Reached skill level 7 in Long Blades
  6389 | D:7      | Noticed Dowan
  6410 | D:7      | Found a shadowy altar of Dithmenos.
  6448 | D:7      | Noticed a hornet
  6454 | D:7      | Paralysed by a hornet for 3 turns
  6458 | D:7      | Killed a hornet
  6590 | D:7      | Found a flagged portal.
  6622 | Bailey   | Entered a bailey
  6943 | Bailey   | HP: 3/71 [gnoll/+0 trident (2)]
  6943 | Bailey   | Slain by a gnoll

Illustrated notes

Levels and vault maps discovered:
D:1:      dpeg_cavernosity, layout_basic,
          chequers_ecumenical_altar_simple_redux, minmay_tetromino_t4
D:2:      layout_loops_cross, serial_shops, nicolae_shop_bloodbath_and_beyond,
          nicolae_shop_crystal, nicolae_shop_statue_plus, shop
D:3:      layout_loops_corners
D:4:      layout_cave_pods, gammafunk_temple_overflow_wave,
          gammafunk_ghost_mausoleum
D:5:      layout_loops_corners, nicolae_qazlal_style_of_elements,
          grunt_decor_fettered, minmay_misc_feat_doors
D:6:      layout_basic, lemuel_doored_altar, minmay_temple_entry_mist
D:7:      layout_basic, old_standard_altar, vehumet_crystals, enter_bailey_3,
          kennysheep_another_room, minmay_misc_feat_room,
          nicolae_lava_and_water, uniq_duvessa
Bailey:   bailey_polearm_gnolls_kennysheep, bailey

Skill      XL: |  1  2  3  4  5  6  7  8  9 |
---------------+----------------------------+-----
Long Blades    | 3 4 5 6 7 |  7.5
Dodging        | 1 2 |  2.3
Fighting       | 4 5 6 |  6.9
Shields        | 4 |  4.7
Armour         | 4 5 |  5.8
Evocations     | 1 3 |  3.4

Action                   |  1- 3 |  4- 6 |  7- 9 || total
-------------------------+-------+-------+-------++-------
Melee: Long sword        |   116 |   188 |   372 ||   676
Throw: Dart              |       |     1 |    10 ||    11
  Use: Potion            |     1 |     2 |     9 ||    12
       Scroll            |     3 |     5 |     6 ||    14
Armor: Scale mail        |    63 |     5 |       ||    68
       Chain mail        |       |   128 |   265 ||   393
Dodge: Dodged            |    60 |    71 |   164 ||   295
Block: Buckler           |    39 |    44 |   128 ||   211

Table legend: (Time is in decaauts)
 A = Elapsed time spent in this place.
 B = Non-inter-level travel time spent in this place.
 C = Inter-level travel time spent in this place.
 D = Time resting spent in this place.
 E = Time spent auto-exploring this place.
 F = Levels seen in this place.
 G = Mean time per level.
                   A        B        C        D        E       F      G
               +--------+--------+--------+--------+--------+-----+--------+
         Total |   7083 |   6987 |     96 |    679 |   3072 |   8 |  885.4 |
       Dungeon |   6760 |   6664 |     96 |    516 |   3072 |   7 |  965.7 |
        Bailey |    323 |    323 |      0 |    163 |      0 |   1 |  323.0 |
               +--------+--------+--------+--------+--------+-----+--------+

Top non-repeatable levels by time:
     D:4: 1650 daAuts
     D:5: 1461 daAuts
     D:1: 1238 daAuts
     D:3: 990 daAuts
     D:2: 585 daAuts
     D:7: 516 daAuts
  Bailey: 323 daAuts
     D:6: 318 daAuts
